Map: Ruins of Seras

Players

Grumm

  • Race: Protoss Protoss
  • League: Gold

Substance - Winner!

  • Race: Terran Terran
  • League: Platinum

VOD

Have the link to the VOD?

Description

Time

  • Played on: Jan. 11, 2016, 2:47 p.m.
  • Length: 17:09
Show
View Real Time Build Order
Export as new Build Order

Grumm Protoss 

Build Orders: 1 Gate Expand 

Get SALT Encoding   

  12  0:18  Pylon  
  12  0:20  Probe (Chrono Boost)  
  13  0:31  Probe (Chrono Boost)  
  14  0:39  Gateway  
  14  0:41  Probe (Chrono Boost)  
  15  0:52  Probe (Chrono Boost)  
  16  1:05  Probe (Chrono Boost)  
  17  1:25  Nexus  
  17  1:31  Cybernetics Core  
  17  1:35  Probe (Chrono Boost)  
  18  1:44  Assimilator  
  18  1:52  Probe (Chrono Boost)  
  18  1:58  Assimilator  
  18  2:00  Assimilator  
  18  2:03  Probe (Chrono Boost)  
  18  2:07  Pylon  
  19  2:13  Probe (Chrono Boost)  
  20  2:19  Gateway  
  20  2:24  Probe (Chrono Boost)  
  20  2:28  Zealot  
  24  2:37  Probe (Chrono Boost)  
  24  2:38  Probe (Chrono Boost)  
  25  2:49  Gateway  
  25  2:51  Probe (Chrono Boost), Warp Gate (Chrono Boost)  
  25  2:55  Probe  
  27  3:14  Assimilator  
  27  3:17  Stargate  
  27  3:20  Pylon, Probe  
  27  3:22  Probe  
  29  3:32  Adept  
  31  3:37  Adept  
  31  3:39  Probe  
  34  3:42  Probe  
  35  4:00  Stalker  
  35  4:01  Stalker  
  39  4:04  Zealot  
  41  4:10  Oracle  
  41  4:11  Probe  
  45  4:22  Pylon  
  45  4:23  Mothership Core  
  45  4:27  Probe  
  48  4:46  Stargate  
  42  5:06  Void Ray  
  46  5:07  Probe  
  46  5:09  Probe  
  48  5:18  Pylon, Probe  
  49  5:21  Probe  
  49  5:22  Zealot x3  
  56  5:28  Probe  
  57  5:43  Probe  
  57  5:45  Probe  
  57  5:49  Zealot x3  
  62  5:52  Assimilator  
  62  5:54  Probe  
  63  5:57  Probe  
  64  6:04  Probe  
  64  6:09  Probe  
  66  6:11  Void Ray (Chrono Boost)  
  66  6:17  Pylon  
  70  6:22  Forge  
  70  6:34  Probe  
  70  6:35  Void Ray (Chrono Boost), Probe  
  70  6:37  Twilight Council  
  70  6:39  Pylon  
  76  6:46  Zealot  
  78  6:51  Pylon  
  78  6:54  Pylon  
  78  6:56  Pylon  
  78  6:57  Probe x2  
  78  7:00  Photon Cannon  
  80  7:04  Pylon  
  80  7:09  Probe x2  
  80  7:10  Photon Cannon  
  80  7:14  Stalker, Sentry  
  86  7:21  Probe x2  
  86  7:22  Phoenix x2 (Chrono Boost)  
  92  7:38  Nexus  
  92  7:42  Pylon  
  92  7:52  Zealot x3  
  98  8:02  Void Ray x2 (Chrono Boost)  
  106  8:08  Photon Cannon  
  106  8:12  Charge (Chrono Boost)  
  106  8:13  Stalker  
  106  8:15  Zealot  
  110  8:21  Dark Shrine  
  110  8:28  Protoss Ground Weapons Level 1 (Chrono Boost)  
  110  8:41  Zealot x3  
  113  9:01  Probe  
  113  9:02  Probe  
  114  9:03  Probe  
  116  9:24  Photon Cannon  
  112  9:42  Assimilator  
  112  9:44  Assimilator  
  98  9:46  Pylon, Probe  
  98  9:48  Probe x2  
  98  9:49  Zealot x3  
  98  9:50  Void Ray  
  98  9:51  Void Ray  
  97  10:33  Void Ray  
  97  10:40  Probe x2  
  97  10:42  Zealot x3  
  91  10:43  Void Ray  
  91  10:49  Gateway  
  89  10:50  Probe, Gateway  
  89  10:52  Probe, Gateway  
  89  10:53  Probe  
  89  10:54  Gateway  
  90  10:59  Pylon  
  90  11:01  Probe  
  90  11:02  Pylon  
  91  11:04  Probe  
  91  11:09  Protoss Air Armor Level 1 (Chrono Boost)  
  91  11:10  Probe  
  93  11:11  Probe, Zealot  
  93  11:12  Zealot x2  
  93  11:16  Void Ray  
  104  11:24  Probe x2  
  106  11:34  Pylon  
  106  11:36  Dark Templar x3  
  112  11:54  Archon  
  112  11:55  Dark Templar x3  
  112  11:56  Dark Templar  
  112  12:00  Archon x2  
  120  12:04  Void Ray x2  
  128  12:11  Protoss Shields Level 1 (Chrono Boost)  
  128  12:15  Dark Templar  
  130  12:16  Dark Templar x2  
  130  12:20  Archon  
  134  12:26  Robotics Facility  
  134  12:37  Pylon, Nexus  
  134  12:40  Pylon  
  134  12:46  Stalker x2  
  134  12:47  Stalker x2  
  142  12:57  Stalker  
  142  12:58  Stalker x2  
  148  13:23  Stalker x3  
  148  13:24  Stalker  
  145  13:30  Stalker x3  
  151  13:39  Assimilator  
  150  13:44  Assimilator  
  150  13:47  Pylon  
  122  14:07  Zealot  
  122  14:08  Zealot x6  
  100  14:29  Zealot  
  100  14:30  Zealot x6  
  112  14:52  Dark Templar x3  
  106  14:53  Dark Templar x3  
  108  15:15  Nexus  
  108  15:29  Dark Templar x2  
  108  15:33  Archon x2  
  108  15:34  Archon  
  112  15:37  Archon  
  112  15:52  Photon Cannon  
  112  16:13  Pylon  
  66  16:24  Dark Templar x3  
  66  16:25  Dark Templar x3  
  58  16:32  Pylon  
  58  16:51  Dark Templar  
  46  17:03  Zealot  
  46  17:04  Zealot x2  
Show
View Real Time Build Order
Export as new Build Order

Substance Terran - Winner!

Build Orders: MMM Bio 

Get SALT Encoding   

  12  0:01  SCV  
  13  0:13  SCV  
  14  0:18  Supply Depot  
  14  0:26  SCV  
  15  0:40  SCV  
  15  0:41  Barracks  
  16  0:46  Refinery  
  16  0:52  SCV  
  17  1:04  SCV  
  17  1:05  Supply Depot  
  18  1:16  SCV  
  19  1:29  Marine  
  19  1:30  Orbital Command  
  20  1:39  Barracks  
  20  1:47  Marine  
  21  1:59  Factory, SCV  
  22  2:11  SCV  
  22  2:12  Barracks Tech Lab  
  23  2:23  SCV  
  23  2:27  Supply Depot  
  24  2:35  SCV  
  24  2:36  Marine x2, Stimpack  
  27  2:45  Factory Tech Lab  
  27  2:48  SCV  
  28  2:59  Refinery  
  28  3:00  SCV  
  29  3:08  Command Center  
  30  3:12  SCV  
  30  3:16  Marauder  
  30  3:17  Marine  
  33  3:24  SCV  
  34  3:34  Supply Depot  
  34  3:36  Cyclone  
  34  3:37  Marine  
  34  3:39  Marine  
  39  3:56  Marine, SCV  
  39  3:57  Marine  
  39  4:00  Starport, Supply Depot  
  42  4:08  SCV  
  43  4:18  Siege Tank  
  43  4:20  Marine x2, SCV  
  49  4:28  Engineering Bay  
  48  4:42  Bunker  
  48  4:43  Marine  
  48  4:44  Marauder  
  48  4:55  SCV  
  49  5:01  Starport Reactor  
  49  5:04  Engineering Bay  
  49  5:05  Terran Infantry Weapons Level 1  
  49  5:08  Orbital Command  
  49  5:11  SCV  
  50  5:17  Missile Turret  
  50  5:23  Missile Turret, SCV  
  51  5:29  Terran Infantry Armor Level 1  
  51  5:34  Marauder  
  51  5:35  SCV  
  50  5:46  SCV  
  50  5:47  SCV  
  48  5:58  Medivac x2, SCV  
  48  6:00  SCV  
  54  6:06  Marine x2  
  54  6:10  SCV  
  57  6:12  SCV  
  58  6:22  SCV  
  58  6:24  Marine x2, SCV  
  62  6:26  Armory  
  62  6:34  SCV  
  62  6:38  SCV  
  64  6:41  Refinery  
  64  6:42  Refinery  
  64  6:45  Missile Turret  
  64  6:46  SCV  
  65  6:50  SCV  
  66  6:55  Missile Turret  
  66  6:57  Supply Depot  
  66  6:58  SCV  
  66  6:59  Supply Depot  
  67  7:02  SCV  
  67  7:07  Supply Depot  
  68  7:10  SCV  
  68  7:11  Marine  
  70  7:18  SCV  
  70  7:19  Marauder  
  73  7:22  SCV  
  73  7:25  Terran Infantry Weapons Level 2  
  74  7:30  SCV  
  74  7:34  Supply Depot, Marine  
  74  7:35  SCV  
  77  7:40  Medivac x2, Marauder  
  83  7:44  SCV  
  83  7:47  Supply Depot, SCV  
  85  7:51  Terran Infantry Armor Level 2  
  85  8:01  Marine x2  
  87  8:05  Barracks  
  87  8:08  Barracks  
  87  8:14  Missile Turret  
  87  8:19  Marine  
  88  8:20  Marauder, Viking x2  
  94  8:30  SCV x2  
  96  8:36  Siege Tank  
  96  8:37  Marine  
  96  8:41  Marine  
  101  8:50  Viking  
  98  8:58  Viking  
  98  8:59  Barracks Reactor  
  98  9:00  Barracks Reactor  
  98  9:02  Barracks Reactor  
  95  9:09  Command Center  
  95  9:16  Marauder  
  97  9:20  Viking  
  97  9:23  SCV  
  100  9:27  Barracks  
  100  9:31  Barracks  
  100  9:37  Marauder  
  75  9:52  Marine  
  75  9:53  Marine x5  
  75  9:58  Marine  
  78  10:04  Terran Infantry Weapons Level 3  
  78  10:10  Marine x2  
  78  10:11  Marine x4  
  84  10:16  Marine  
  79  10:22  Marine x2  
  74  10:28  Marine x3  
  74  10:29  Marine x3  
  74  10:34  Marauder  
  81  10:40  Orbital Command, Marine x2  
  78  10:46  Marine x4  
  78  10:47  Medivac x2  
  73  10:53  Marine x2  
  73  10:55  Marine  
  73  10:57  Combat Shields  
  73  11:03  Barracks Tech Lab  
  74  11:05  Orbital Command  
  74  11:08  Barracks Reactor  
  73  11:14  Marine x4  
  73  11:15  Marauder  
  79  11:21  Missile Turret  
  79  11:26  Medivac x2  
  79  11:29  Terran Infantry Armor Level 3, Terran Ship Weapons Level 1  
  83  11:34  SCV x2  
  85  11:53  Starport  
  85  11:56  Marauder x2, Marine x6  
  85  11:57  Missile Turret, Marine  
  96  12:03  Missile Turret  
  96  12:04  Bunker  
  96  12:07  Medivac x2  
  100  12:17  Marauder x2  
  100  12:21  Refinery  
  104  12:30  Marine  
  104  12:31  Marine x3  
  104  12:33  Starport Tech Lab  
  104  12:34  Command Center  
  104  12:37  Marine x2  
  108  12:38  Marauder  
  108  12:39  Marauder  
  108  12:43  Marine  
  108  12:44  Marine  
  116  12:45  Medivac x2  
  120  12:57  Marine x4  
  124  13:01  Supply Depot  
  124  13:02  Supply Depot  
  124  13:04  Supply Depot  
  124  13:07  Marine x2  
  124  13:08  Marauder x2  
  130  13:29  Marauder x2  
  134  13:40  Marine x3  
  134  13:41  Marine  
  134  13:42  Medivac, Marine  
  134  13:43  Medivac  
  134  13:47  Raven  
  140  13:50  Marauder x2  
  139  14:02  Missile Turret  
  127  14:08  Marine  
  123  14:12  Marauder x2  
  123  14:15  Concussive Shells  
  125  14:24  Marine x2  
  126  14:26  Planetary Fortress  
  127  14:33  Marauder x2  
  131  14:55  Marauder x2  
  131  14:58  Marine x2  
  131  14:59  Marine x2  
  130  15:03  SCV x2  
  127  15:09  SCV x2  
  127  15:11  Marine  
  127  15:12  Liberator x2, Marine  
  131  15:15  SCV  
  131  15:16  Marauder x2, Marine  
  131  15:17  Barracks  
  131  15:18  Barracks  
  137  15:34  Missile Turret  
  145  15:35  SCV  
  145  15:37  Marauder x2  
  148  15:48  Orbital Command  
  148  15:59  Marauder x2  
  148  16:00  Marine x8  
  148  16:04  Barracks Tech Lab  
  160  16:05  Barracks Tech Lab  
  160  16:08  Ghost Academy  
  156  16:17  Marine x2  
  156  16:18  Supply Depot, Missile Turret, Marine  
  151  16:20  Marauder x2, Missile Turret  
  155  16:26  Marauder x2, Marine x5  
  162  16:35  Marine x3  
  165  16:40  Supply Depot  
  165  16:41  Marauder x2  
  165  16:43  Supply Depot  
  171  16:47  Marauder x2  
Tags
 
Add a new tag
Caveats
  • Supply blocks, unpowered buildings, or Contaminate may cause inaccurate times.
  • Supply counts are checked every 10 seconds.